BlackHawks vs Stars

Created - December-02-14 at 19:47

Goals
1 2 3 T
BlackHawks 3 1 0 4
Stars 0 2 3 5
Shots
1 2 3 T
BlackHawks 12 6 9 27
Stars 10 8 11 29

1st period

1. BlackHawks , Zack Smith 3 (Kevin Bieksa, Alexei Emelin) at 4:57
2. BlackHawks , Kevin Bieksa 3 (Brandon Bollig, Alexei Emelin) at 5:19
3. BlackHawks , Dion Phaneuf 9 (Alex Galchenyuk, Chris Stewart) at 9:45 (PP)

Penalties :
Milan Lucic (DAL) for Hooking (Minor) at 9:31, Wayne Simmonds (DAL) for Tripping (Minor) at 10:20, Lars Eller (CHI) for Hooking (Minor) at 14:53, Dion Phaneuf (CHI) for Holding (Minor) at 18:12

2nd period

4. Stars , Jason Spezza 7 (Zdeno Chara) at 7:05
5. BlackHawks , Alexei Emelin 2 (Alex Galchenyuk, Luke Schenn) at 13:05 (PP)
6. Stars , Duncan Keith 4 (Brandon Dubinsky, Evander Kane) at 16:39 (PP)

Penalties :
Chris Stewart (CHI) for Elbowing (Minor) at 1:40, Shea Weber (DAL) for Holding (Minor) at 11:21, Jarome Iginla (DAL) for Hooking (Minor) at 13:47, Alexei Emelin (CHI) for Holding (Minor) at 13:47, Brandon Bollig (CHI) for Tripping (Minor) at 16:10, Dion Phaneuf (CHI) for Interference (Minor) at 19:49

3rd period

7. Stars , Zdeno Chara 9 (Andy Greene, Jarome Iginla) at 3:55 (PP)
8. Stars , Andy Greene 7 (Milan Lucic, Zdeno Chara) at 9:45 (PP)
9. Stars , Wayne Simmonds 3 (Brandon Dubinsky, Brenden Dillon) at 19:49 (PP)

Penalties :
Patrick Bordeleau (CHI) for Hooking (Minor) at 2:51, Dion Phaneuf (CHI) for Hooking (Minor) at 5:34, Dion Phaneuf (CHI) for Holding (Minor) at 9:39, Shea Weber (DAL) for Abuse of Officials (Major / Game Misconduct) at 13:07, Kevin Bieksa (CHI) for Hooking (Minor) at 19:00

Goalie Stats

Eddie Lack (CHI), 24 saves from 29 shots - (0.828), L, 6-9-2, 60:00 minutes
Braden Holtby (DAL), 12 saves from 12 shots - (1.000), W, 4-1-0, 26:55 minutes
Semyon Varlamov (DAL), 11 saves from 15 shots - (0.733), 33:05 minutes

Players Stats for BlackHawks

Player Name              G  A  P  +/- PIM S  H  SB GA TA FO     MP     PP MP  PK MP  
------------------------------------------------------------------------------------
Alex Galchenyuk          0  2  2   0  0   3  0  0  0  0  2/7    19:12   5:05   1:04 
Alexei Emelin            1  2  3   2  2   2  1  0  0  0  0/0    19:59   3:38   3:56 
Brandon Bollig           0  1  1   2  2   1  0  1  0  0  1/1    14:11   0:01   7:06 
Brian McGrattan          0  0  0   0  0   0  3  0  0  0  0/0    12:26   0:01   0:00 
Chris Stewart            0  1  1   0  2   2  1  0  0  0  0/1    17:04   5:05   0:00 
David Clarkson           0  0  0   2  0   0  3  0  0  0  0/0    10:10   3:50   0:00 
Dion Phaneuf             1  0  1   0  8   2  3  4  0  0  0/0    21:01   5:18   3:52 
Douglas Murray           0  0  0  -1  0   1  3  1  0  0  0/0    13:39   0:00   0:41 
Dwight King              0  0  0  -1  0   3  0  0  0  0  1/1    15:23   3:50   4:13 
Jared Boll               0  0  0  -1  0   0  1  0  0  0  1/1     7:09   0:00   0:00 
Jarred Tinordi           0  0  0   0  0   0  1  3  0  0  0/0    24:19   4:44   6:29 
Kevin Bieksa             1  1  2   2  2   2  3  1  0  0  0/0    18:54   0:34   4:49 
Lars Eller               0  0  0   0  2   2  1  0  0  0  13/19  17:36   3:50   0:00 
Luke Schenn              0  1  1  -1  0   3  1  3  0  0  0/0    22:02   3:38   4:59 
Nathan Horton            0  0  0   0  0   3  1  0  0  0  9/16   15:53   5:05   0:00 
Patrick Bordeleau        0  0  0   0  2   0  1  0  0  0  0/0    10:37   0:00   0:00 
Trevor Lewis             0  0  0  -1  0   1  0  0  0  0  7/12   11:23   0:01   4:13 
Zack Smith               1  0  1   2  0   2  3  0  0  0  16/26  14:30   0:00   8:10 

Players Stats for Stars

Player Name              G  A  P  +/- PIM S  H  SB GA TA FO     MP     PP MP  PK MP  
------------------------------------------------------------------------------------
Andy Greene              1  1  2  -1  0   2  0  3  0  0  0/0    22:22   5:07   4:52 
Brandon Dubinsky         0  2  2   1  0   3  3  0  0  0  6/14   21:12   5:10   5:28 
Brenden Dillon           0  1  1  -1  0   0  2  0  0  0  0/0     9:13   0:16   0:28 
Dalton Prout             0  0  0   0  0   0  0  0  0  0  0/0     2:46   0:16   0:00 
Duncan Keith             1  0  1  -1  0   3  0  1  0  0  0/0    24:25   7:00   4:04 
Evander Kane             0  1  1   1  0   1  2  0  0  0  0/0    20:38   5:10   5:28 
Jarome Iginla            0  1  1  -1  2   2  2  0  0  0  1/3    18:58   4:54   3:17 
Jarret Stoll             0  0  0  -1  0   1  6  0  0  0  9/23   19:21   0:00   3:17 
Jason Spezza             1  0  1   1  0   4  1  0  0  0  12/24  18:48   7:13   0:00 
Mark Scheifele           0  0  0  -1  0   1  0  0  0  0  0/0    12:15   0:00   0:00 
Milan Lucic              0  1  1  -1  2   1  6  0  0  0  0/2    17:50   7:13   0:00 
Shea Weber               0  0  0  -1  17  1  4  3  0  0  0/0    20:37   6:27   0:51 
Sheldon Brookbank        0  0  0   0  0   0  0  0  0  0  0/0     3:51   0:00   0:11 
Travis Hamonic           0  0  0   1  0   0  2  1  0  0  0/0    16:15   0:33   2:45 
Tyler Seguin             0  0  0  -1  0   5  0  0  0  0  5/15   19:02   7:13   0:11 
Wayne Simmonds           1  0  1  -1  2   1  1  0  0  0  1/3    13:27   0:16   0:00 
Zack Kassian             0  0  0   0  0   1  0  0  0  0  0/0     3:40   0:00   0:00 
Zdeno Chara              1  2  3   1  0   3  2  2  0  0  0/0    24:20   5:07   4:52 

3 Stars

1 - Zdeno Chara (DAL)
2 - Alexei Emelin (CHI)
3 - Kevin Bieksa (CHI)

Power Play

BlackHawks - 2 on 4 Attempt(s) - 50.00%
Stars - 4 on 9 Attempt(s) - 44.44%

Penalty Kill

BlackHawks - 5 on 9 Attempt(s) - 55.56% - Score 0 goal in Penalty Kill
Stars - 2 on 4 Attempt(s) - 50.00% - Score 0 goal in Penalty Kill

Official

Referees : Stephen Walkom and Dave Jackson
Linesman : Andy McElman and Brian Mach

Game Notes

Braden Holtby enters game at 13:05 of 2nd period
Shea Weber ejected from game at 13:07 of 3rd period
Shea Weber from Stars is suspended for 1 game(s)

Finance

Level 1 -- Attendance: 6000 (100.00%) -- Ticket Income $612,000
Level 2 -- Attendance: 4670 (93.40%) -- Ticket Income $350,250
Level 3 -- Attendance: 2000 (100.00%) -- Ticket Income $110,000
Level 4 -- Attendance: 1894 (41.79%) -- Ticket Income $85,230
Luxury Box -- Attendance: 902 (90.20%) -- Ticket Income $180,400
Game was played at the American Airlines Center
Total Attendance: 15466 (83.46%)
Total Ticket Income: $1,337,880
Other Income: $200,682
Total Income: $1,538,562

% Time on Ice - BlackHawks

Lines # - Real PCT - Wanted PCT - Time Play
Normal Forward
1 - 34% - 32% - 12:25
2 - 29% - 28% - 10:38
3 - 17% - 20% - 6:20
4 - 20% - 20% - 7:09
Normal Defense
1 - 30% - 40% - 10:59
2 - 34% - 32% - 12:35
3 - 33% - 28% - 12:13
4 - 2% - 0% - 0:45
PP Forward
1 - 57% - 55% - 5:05
2 - 43% - 45% - 3:51
PP Defense
1 - 59% - 60% - 5:18
2 - 41% - 40% - 3:38
PK Forward
1 - 66% - 55% - 8:10
2 - 34% - 45% - 4:13
PK Defense
1 - 55% - 55% - 6:49
2 - 45% - 45% - 5:34
PK3 Forward
1 - 0% - 50%
2 - 0% - 50%
PK3 Defense
1 - 0% - 55%
2 - 0% - 45%
44 Forward
1 - 39% - 55% - 0:47
2 - 61% - 45% - 1:12
44 Defense
1 - 39% - 55% - 0:47
2 - 61% - 45% - 1:12
Last Minute Offensive  - 0:10
Last Minute Defensive  - 0:00
Total
Forward - 60:00
Defense - 60:00

% Time on Ice - Stars

Lines # - Real PCT - Wanted PCT - Time Play
Normal Forward
1 - 29% - 34% - 10:38
2 - 27% - 34% - 10:00
3 - 33% - 24% - 12:14
4 - 10% - 8% - 3:40
Normal Defense
1 - 35% - 33% - 12:46
2 - 35% - 33% - 12:47
3 - 23% - 24% - 8:29
4 - 7% - 10% - 2:30
PP Forward
1 - 58% - 65% - 7:13
2 - 42% - 35% - 5:10
PP Defense
1 - 59% - 60% - 7:16
2 - 41% - 40% - 5:07
PK Forward
1 - 63% - 55% - 5:39
2 - 37% - 45% - 3:17
PK Defense
1 - 54% - 60% - 4:52
2 - 46% - 40% - 4:04
PK3 Forward
1 - 0% - 60%
2 - 0% - 40%
PK3 Defense
1 - 0% - 60%
2 - 0% - 40%
44 Forward
1 - 80% - 60% - 1:35
2 - 20% - 40% - 0:24
44 Defense
1 - 71% - 60% - 1:24
2 - 29% - 40% - 0:35
Last Minute Offensive  - 0:00
Last Minute Defensive  - 0:10
Total
Forward - 60:00
Defense - 60:00

Play by Play

1st period


0:01 of 1st period - Lars Eller wins face-off versus Tyler Seguin in neutral zone.
0:12 of 1st period - Jarome Iginla is hit by Dion Phaneuf and loses puck.
0:37 of 1st period - Shot by Lars Eller.
0:37 of 1st period - Shot Blocked by Shea Weber.
0:52 of 1st period - Icing by Duncan Keith.
0:53 of 1st period - Tyler Seguin wins face-off versus Nathan Horton in Stars zone.
1:12 of 1st period - Off-side.
1:13 of 1st period - Jason Spezza wins face-off versus Zack Smith in neutral zone.
1:39 of 1st period - Icing by Kevin Bieksa.
1:40 of 1st period - Zack Smith wins face-off versus Wayne Simmonds in BlackHawks zone.
1:40 of 1st period - Zack Smith is hit by Jarret Stoll.
1:45 of 1st period - Icing by Alexei Emelin.
1:46 of 1st period - Zack Smith wins face-off versus Jarret Stoll in BlackHawks zone.
1:50 of 1st period - Off-side.
1:51 of 1st period - Wayne Simmonds wins face-off versus Trevor Lewis in neutral zone.
1:53 of 1st period - Andy Greene is hit by Douglas Murray and loses puck.
2:05 of 1st period - Shot by Luke Schenn.
2:05 of 1st period - Shot Blocked by Andy Greene.
2:07 of 1st period - Shot by Luke Schenn.
2:07 of 1st period - Shot Misses the Net.
2:09 of 1st period - Shot by Dwight King.
2:09 of 1st period - Stopped by Semyon Varlamov without a rebound.
2:10 of 1st period - Jason Spezza wins face-off versus Nathan Horton in Stars zone.
2:16 of 1st period - Travis Hamonic is hit by Jarred Tinordi and loses puck.
2:23 of 1st period - Shot by Jason Spezza.
2:23 of 1st period - Stopped by Eddie Lack without a rebound.
2:24 of 1st period - Trevor Lewis wins face-off versus Jarret Stoll in BlackHawks zone.
2:54 of 1st period - Shot by Zack Kassian.
2:54 of 1st period - Stopped by Eddie Lack without a rebound.
2:55 of 1st period - Nathan Horton wins face-off versus Jason Spezza in BlackHawks zone.
3:18 of 1st period - Shot by Chris Stewart.
3:18 of 1st period - Shot Misses the Net.
3:20 of 1st period - Shot by Nathan Horton.
3:20 of 1st period - Shot Misses the Net.
3:22 of 1st period - Shot by Chris Stewart.
3:22 of 1st period - Shot Misses the Net.
3:24 of 1st period - Shot by Douglas Murray.
3:24 of 1st period - Shot Blocked by Travis Hamonic.
3:43 of 1st period - Icing by Douglas Murray.
3:44 of 1st period - Jarret Stoll wins face-off versus Nathan Horton in BlackHawks zone.
3:55 of 1st period - Shot by Mark Scheifele.
3:55 of 1st period - Deflect By Wayne Simmonds.
3:55 of 1st period - Shot Misses the Net.
4:25 of 1st period - Shot by Alex Galchenyuk.
4:25 of 1st period - Stopped by Semyon Varlamov with a rebound.
4:39 of 1st period - Shot by Alex Galchenyuk.
4:39 of 1st period - Shot Misses the Net.
4:41 of 1st period - Shot by Jarred Tinordi.
4:41 of 1st period - Shot Misses the Net.
4:57 of 1st period - Shot by Zack Smith.
4:57 of 1st period - Goal by Zack Smith - BlackHawks : 1 - Stars : 0.
4:58 of 1st period - Tyler Seguin wins face-off versus Zack Smith in neutral zone.
4:58 of 1st period - Tyler Seguin is hit by David Clarkson.
5:06 of 1st period - Alexei Emelin is hit by Shea Weber and loses puck.
5:11 of 1st period - Shot by Zack Smith.
5:11 of 1st period - Shot Misses the Net.
5:13 of 1st period - Shot by Alexei Emelin.
5:13 of 1st period - Shot Misses the Net.
5:17 of 1st period - Shot by Brandon Bollig.
5:17 of 1st period - Stopped by Semyon Varlamov with a rebound.
5:19 of 1st period - Shot by Kevin Bieksa.
5:19 of 1st period - Goal by Kevin Bieksa - BlackHawks : 2 - Stars : 0.
5:20 of 1st period - Jared Boll wins face-off versus Jason Spezza in neutral zone.
5:22 of 1st period - Dwight King is hit by Evander Kane and loses puck.
5:39 of 1st period - Shot by Dwight King.
5:39 of 1st period - Stopped by Semyon Varlamov with a rebound.
5:54 of 1st period - Trevor Lewis is hit by Zdeno Chara and loses puck.
6:25 of 1st period - Shot by Alex Galchenyuk.
6:25 of 1st period - Stopped by Semyon Varlamov without a rebound.
6:26 of 1st period - Tyler Seguin wins face-off versus Zack Smith in Stars zone.
6:26 of 1st period - Tyler Seguin is hit by Zack Smith.
6:46 of 1st period - Shot by Brandon Bollig.
6:46 of 1st period - Shot Misses the Net.
7:15 of 1st period - Jarome Iginla is hit by David Clarkson and loses puck.
8:34 of 1st period - Luke Schenn is hit by Zdeno Chara.
9:01 of 1st period - Shot by Jason Spezza.
9:01 of 1st period - Stopped by Eddie Lack without a rebound.
9:02 of 1st period - Trevor Lewis wins face-off versus Tyler Seguin in BlackHawks zone.
9:02 of 1st period - Trevor Lewis is hit by Milan Lucic.
9:31 of 1st period - Minor Penalty to Milan Lucic for Hooking.
9:32 of 1st period - Brandon Dubinsky wins face-off versus Alex Galchenyuk in Stars zone.
9:45 of 1st period - Shot by Dion Phaneuf.
9:45 of 1st period - Goal by Dion Phaneuf - BlackHawks : 3 - Stars : 0.
9:46 of 1st period - Zack Smith wins face-off versus Jarret Stoll in neutral zone.
10:20 of 1st period - Minor Penalty to Wayne Simmonds for Tripping.
10:21 of 1st period - Brandon Dubinsky wins face-off versus Alex Galchenyuk in Stars zone.
10:34 of 1st period - Shot by Alex Galchenyuk.
10:34 of 1st period - Shot Misses the Net.
10:36 of 1st period - Shot by Dion Phaneuf.
10:36 of 1st period - Shot Misses the Net.
10:38 of 1st period - Shot by Dion Phaneuf.
10:38 of 1st period - Shot Misses the Net.
10:40 of 1st period - Shot by Chris Stewart.
10:40 of 1st period - Shot Blocked by Zdeno Chara.
10:42 of 1st period - Shot by Jarred Tinordi.
10:42 of 1st period - Shot Blocked by Andy Greene.
10:54 of 1st period - Shot by Dion Phaneuf.
10:54 of 1st period - Shot Misses the Net.
10:56 of 1st period - Shot by Nathan Horton.
10:56 of 1st period - Deflect By Chris Stewart.
10:56 of 1st period - Stopped by Semyon Varlamov without a rebound.
10:57 of 1st period - Lars Eller wins face-off versus Jarret Stoll in Stars zone.
11:06 of 1st period - Shot by Luke Schenn.
11:06 of 1st period - Stopped by Semyon Varlamov without a rebound.
11:07 of 1st period - Lars Eller wins face-off versus Jarret Stoll in Stars zone.
11:07 of 1st period - Lars Eller is hit by Shea Weber.
11:17 of 1st period - Shot by Lars Eller.
11:17 of 1st period - Deflect By Dwight King.
11:17 of 1st period - Stopped by Semyon Varlamov without a rebound.
11:18 of 1st period - Brandon Dubinsky wins face-off versus Alex Galchenyuk in Stars zone.
11:33 of 1st period - Shot by Chris Stewart.
11:33 of 1st period - Shot Misses the Net.
11:35 of 1st period - Shot by Jarred Tinordi.
11:35 of 1st period - Shot Misses the Net.
11:37 of 1st period - Shot by Chris Stewart.
11:37 of 1st period - Shot Misses the Net.
11:39 of 1st period - Shot by Chris Stewart.
11:39 of 1st period - Shot Blocked by Duncan Keith.
11:41 of 1st period - Shot by Alex Galchenyuk.
11:41 of 1st period - Shot Misses the Net.
11:43 of 1st period - Shot by Jarred Tinordi.
11:43 of 1st period - Shot Misses the Net.
11:45 of 1st period - Shot by Dion Phaneuf.
11:45 of 1st period - Shot Blocked by Shea Weber.
12:29 of 1st period - Shot by Tyler Seguin.
12:29 of 1st period - Stopped by Eddie Lack without a rebound.
12:30 of 1st period - Zack Smith wins face-off versus Jarret Stoll in BlackHawks zone.
12:58 of 1st period - Shea Weber is hit by Zack Smith and loses puck.
13:34 of 1st period - Shot by Douglas Murray.
13:34 of 1st period - Shot Blocked by Shea Weber.
14:13 of 1st period - Shot by Alex Galchenyuk.
14:13 of 1st period - Stopped by Semyon Varlamov without a rebound.
14:14 of 1st period - Nathan Horton wins face-off versus Jason Spezza in Stars zone.
14:18 of 1st period - Nathan Horton is hit by Travis Hamonic and loses puck.
14:25 of 1st period - Patrick Bordeleau is hit by Evander Kane and loses puck.
14:44 of 1st period - Shot by Jason Spezza.
14:44 of 1st period - Stopped by Eddie Lack without a rebound.
14:45 of 1st period - Lars Eller wins face-off versus Tyler Seguin in BlackHawks zone.
14:53 of 1st period - Minor Penalty to Lars Eller for Hooking.
14:54 of 1st period - Jason Spezza wins face-off versus Zack Smith in BlackHawks zone.
15:05 of 1st period - Shot by Zdeno Chara.
15:05 of 1st period - Shot Blocked by Kevin Bieksa.
15:07 of 1st period - Shot by Andy Greene.
15:07 of 1st period - Shot Misses the Net.
15:09 of 1st period - Shot by Tyler Seguin.
15:09 of 1st period - Shot Misses the Net.
15:16 of 1st period - Jason Spezza is hit by Kevin Bieksa and loses puck.
16:20 of 1st period - Off-side.
16:21 of 1st period - Jason Spezza wins face-off versus Zack Smith in neutral zone.
16:24 of 1st period - Dion Phaneuf is hit by Milan Lucic and loses puck.
16:38 of 1st period - Shot by Zdeno Chara.
16:38 of 1st period - Shot Misses the Net.
16:46 of 1st period - Shot by Tyler Seguin.
16:46 of 1st period - Stopped by Eddie Lack without a rebound.
16:47 of 1st period - Dwight King wins face-off versus Brandon Dubinsky in BlackHawks zone.
17:16 of 1st period - Shot by Mark Scheifele.
17:16 of 1st period - Stopped by Eddie Lack without a rebound.
17:17 of 1st period - Jarret Stoll wins face-off versus Nathan Horton in BlackHawks zone.
17:29 of 1st period - Icing by Douglas Murray.
17:30 of 1st period - Tyler Seguin wins face-off versus Nathan Horton in BlackHawks zone.
17:30 of 1st period - Jarome Iginla is hit by Douglas Murray and loses puck.
17:41 of 1st period - Shot by Milan Lucic.
17:41 of 1st period - Stopped by Eddie Lack without a rebound.
17:42 of 1st period - Lars Eller wins face-off versus Jason Spezza in BlackHawks zone.
18:01 of 1st period - Shot by Jason Spezza.
18:01 of 1st period - Shot Blocked by Jarred Tinordi.
18:03 of 1st period - Shot by Zdeno Chara.
18:03 of 1st period - Shot Blocked by Dion Phaneuf.
18:05 of 1st period - Shot by Evander Kane.
18:05 of 1st period - Deflect By Brandon Dubinsky.
18:05 of 1st period - Shot Blocked by Dion Phaneuf.
18:07 of 1st period - Shot by Travis Hamonic.
18:07 of 1st period - Shot Blocked by Dion Phaneuf.
18:12 of 1st period - Minor Penalty to Dion Phaneuf for Holding.
18:13 of 1st period - Jason Spezza wins face-off versus Zack Smith in BlackHawks zone.
18:18 of 1st period - Shot by Shea Weber.
18:18 of 1st period - Shot Misses the Net.
18:20 of 1st period - Shot by Duncan Keith.
18:20 of 1st period - Stopped by Eddie Lack with a rebound.
18:22 of 1st period - Shot by Duncan Keith.
18:22 of 1st period - Stopped by Eddie Lack with a rebound.
18:27 of 1st period - Tyler Seguin is hit by Luke Schenn and loses puck.
19:50 of 1st period - Evander Kane is hit by Zack Smith and loses puck.
Goals for this period are 3 for BlackHawks vs 0 for Stars.
Shots for this period are 12 for BlackHawks vs 10 for Stars.

2nd period


0:01 of 2nd period - Zack Smith wins face-off versus Jason Spezza in neutral zone.
0:22 of 2nd period - Shot by Wayne Simmonds.
0:22 of 2nd period - Shot Hit the Post.
1:24 of 2nd period - Milan Lucic is hit by Alexei Emelin and loses puck.
1:30 of 2nd period - Kevin Bieksa is hit by Brenden Dillon and loses puck.
1:34 of 2nd period - Nathan Horton is hit by Brenden Dillon and loses puck.
1:40 of 2nd period - Minor Penalty to Chris Stewart for Elbowing.
1:41 of 2nd period - Zack Smith wins face-off versus Brandon Dubinsky in BlackHawks zone.
1:52 of 2nd period - Luke Schenn is hit by Brandon Dubinsky and loses puck.
2:04 of 2nd period - Icing by Shea Weber.
2:05 of 2nd period - Trevor Lewis wins face-off versus Brandon Dubinsky in Stars zone.
2:33 of 2nd period - Duncan Keith is hit by Kevin Bieksa and loses puck.
2:49 of 2nd period - Icing by Andy Greene.
2:50 of 2nd period - Trevor Lewis wins face-off versus Milan Lucic in Stars zone.
3:28 of 2nd period - Kevin Bieksa is hit by Milan Lucic and loses puck.
4:02 of 2nd period - Shot by Shea Weber.
4:02 of 2nd period - Stopped by Eddie Lack with a rebound.
4:04 of 2nd period - Shot by Jarret Stoll.
4:04 of 2nd period - Deflect By Wayne Simmonds.
4:04 of 2nd period - Shot Blocked by Dion Phaneuf.
4:41 of 2nd period - Icing by Dion Phaneuf.
4:42 of 2nd period - Nathan Horton wins face-off versus Tyler Seguin in BlackHawks zone.
5:23 of 2nd period - Off-side.
5:24 of 2nd period - Brandon Dubinsky wins face-off versus Trevor Lewis in neutral zone.
5:43 of 2nd period - Shot by Brandon Dubinsky.
5:43 of 2nd period - Stopped by Eddie Lack without a rebound.
5:44 of 2nd period - Lars Eller wins face-off versus Jarret Stoll in BlackHawks zone.
7:05 of 2nd period - Shot by Jason Spezza.
7:05 of 2nd period - Goal by Jason Spezza - BlackHawks : 3 - Stars : 1.
7:06 of 2nd period - Zack Smith wins face-off versus Tyler Seguin in neutral zone.
7:17 of 2nd period - Shot by Andy Greene.
7:17 of 2nd period - Stopped by Eddie Lack without a rebound.
7:18 of 2nd period - Nathan Horton wins face-off versus Jarome Iginla in BlackHawks zone.
7:18 of 2nd period - Dion Phaneuf is hit by Jarome Iginla and loses puck.
7:35 of 2nd period - Shot by Jarome Iginla.
7:35 of 2nd period - Shot Misses the Net.
7:43 of 2nd period - Shot by Chris Stewart.
7:43 of 2nd period - Deflect By Nathan Horton.
7:43 of 2nd period - Stopped by Semyon Varlamov without a rebound.
7:44 of 2nd period - Trevor Lewis wins face-off versus Jason Spezza in Stars zone.
8:26 of 2nd period - Icing by Trevor Lewis.
8:27 of 2nd period - Tyler Seguin wins face-off versus Trevor Lewis in BlackHawks zone.
8:45 of 2nd period - Off-side.
8:46 of 2nd period - Jarret Stoll wins face-off versus Lars Eller in neutral zone.
10:05 of 2nd period - Shot by Brandon Dubinsky.
10:05 of 2nd period - Stopped by Eddie Lack without a rebound.
10:06 of 2nd period - Zack Smith wins face-off versus Tyler Seguin in BlackHawks zone.
10:06 of 2nd period - Zack Smith is hit by Milan Lucic.
10:43 of 2nd period - Shot by Zdeno Chara.
10:43 of 2nd period - Stopped by Eddie Lack without a rebound.
10:44 of 2nd period - Jason Spezza wins face-off versus Chris Stewart in BlackHawks zone.
10:44 of 2nd period - Andy Greene is hit by Douglas Murray and loses puck.
10:58 of 2nd period - Shot by Chris Stewart.
10:58 of 2nd period - Deflect By Nathan Horton.
10:58 of 2nd period - Shot Misses the Net.
11:00 of 2nd period - Shot by Patrick Bordeleau.
11:00 of 2nd period - Shot Misses the Net.
11:02 of 2nd period - Shot by Douglas Murray.
11:02 of 2nd period - Shot Misses the Net.
11:04 of 2nd period - Shot by Chris Stewart.
11:04 of 2nd period - Stopped by Semyon Varlamov without a rebound.
11:05 of 2nd period - Lars Eller wins face-off versus Jarret Stoll in Stars zone.
11:21 of 2nd period - Minor Penalty to Shea Weber for Holding.
11:22 of 2nd period - Alex Galchenyuk wins face-off versus Brandon Dubinsky in Stars zone.
11:37 of 2nd period - Shot by Alexei Emelin.
11:37 of 2nd period - Shot Misses the Net.
11:50 of 2nd period - Luke Schenn is hit by Jarret Stoll.
12:47 of 2nd period - Shot by Dion Phaneuf.
12:47 of 2nd period - Shot Blocked by Andy Greene.
13:05 of 2nd period - Shot by Alexei Emelin.
13:05 of 2nd period - Goal by Alexei Emelin - BlackHawks : 4 - Stars : 1.
13:05 of 2nd period - Braden Holtby enters game.
13:06 of 2nd period - Trevor Lewis wins face-off versus Tyler Seguin in neutral zone.
13:08 of 2nd period - Alexei Emelin is hit by Shea Weber and loses puck.
13:29 of 2nd period - Alexei Emelin is hit by Shea Weber and loses puck.
13:47 of 2nd period - Minor Penalty to Jarome Iginla for Hooking.
13:47 of 2nd period - Minor Penalty to Alexei Emelin for Holding.
13:48 of 2nd period - Lars Eller wins face-off versus Jason Spezza in BlackHawks zone.
13:48 of 2nd period - Lars Eller is hit by Jason Spezza.
14:04 of 2nd period - Shot by Tyler Seguin.
14:04 of 2nd period - Stopped by Eddie Lack with a rebound.
14:13 of 2nd period - Icing by Luke Schenn.
14:14 of 2nd period - Jason Spezza wins face-off versus Lars Eller in BlackHawks zone.
15:10 of 2nd period - Icing by Dion Phaneuf.
15:11 of 2nd period - Alex Galchenyuk wins face-off versus Jason Spezza in BlackHawks zone.
15:11 of 2nd period - Alex Galchenyuk is hit by Wayne Simmonds.
15:48 of 2nd period - Icing by Kevin Bieksa.
15:49 of 2nd period - Zack Smith wins face-off versus Jarret Stoll in BlackHawks zone.
15:49 of 2nd period - Zack Smith is hit by Jarret Stoll.
15:52 of 2nd period - Luke Schenn is hit by Jarret Stoll and loses puck.
16:01 of 2nd period - Shot by Zack Smith.
16:01 of 2nd period - Stopped by Braden Holtby with a rebound.
16:10 of 2nd period - Minor Penalty to Brandon Bollig for Tripping.
16:11 of 2nd period - Zack Smith wins face-off versus Brandon Dubinsky in BlackHawks zone.
16:39 of 2nd period - Shot by Duncan Keith.
16:39 of 2nd period - Goal by Duncan Keith - BlackHawks : 4 - Stars : 2.
16:40 of 2nd period - Nathan Horton wins face-off versus Wayne Simmonds in neutral zone.
17:00 of 2nd period - Shot by Nathan Horton.
17:00 of 2nd period - Shot Blocked by Zdeno Chara.
17:16 of 2nd period - Shot by Kevin Bieksa.
17:16 of 2nd period - Shot Misses the Net.
17:18 of 2nd period - Shot by Kevin Bieksa.
17:18 of 2nd period - Stopped by Braden Holtby without a rebound.
17:19 of 2nd period - Lars Eller wins face-off versus Jason Spezza in Stars zone.
17:22 of 2nd period - Shot by Douglas Murray.
17:22 of 2nd period - Stopped by Braden Holtby with a rebound.
18:17 of 2nd period - Luke Schenn is hit by Milan Lucic and loses puck.
18:46 of 2nd period - Shot by Jarome Iginla.
18:46 of 2nd period - Deflect By Tyler Seguin.
18:46 of 2nd period - Shot Misses the Net.
19:03 of 2nd period - Douglas Murray is hit by Jarome Iginla and loses puck.
19:07 of 2nd period - Off-side.
19:08 of 2nd period - Nathan Horton wins face-off versus Jarret Stoll in neutral zone.
19:49 of 2nd period - Minor Penalty to Dion Phaneuf for Interference.
19:50 of 2nd period - Jarome Iginla wins face-off versus Zack Smith in BlackHawks zone.
Goals for this period are 1 for BlackHawks vs 2 for Stars.
Shots for this period are 6 for BlackHawks vs 8 for Stars.

3rd period


0:01 of 3rd period - Zack Smith wins face-off versus Milan Lucic in neutral zone.
0:11 of 3rd period - Icing by Jason Spezza.
0:12 of 3rd period - Zack Smith wins face-off versus Jason Spezza in Stars zone.
0:25 of 3rd period - Shot by Milan Lucic.
0:25 of 3rd period - Shot Misses the Net.
0:32 of 3rd period - Icing by Jason Spezza.
0:33 of 3rd period - Jason Spezza wins face-off versus Trevor Lewis in Stars zone.
0:53 of 3rd period - Shot by Shea Weber.
0:53 of 3rd period - Shot Blocked by Jarred Tinordi.
1:35 of 3rd period - Shot by Zdeno Chara.
1:35 of 3rd period - Shot Blocked by Brandon Bollig.
1:44 of 3rd period - Icing by Jarome Iginla.
1:45 of 3rd period - Brandon Dubinsky wins face-off versus Trevor Lewis in Stars zone.
2:12 of 3rd period - Shot by Brian McGrattan.
2:12 of 3rd period - Shot Misses the Net.
2:51 of 3rd period - Minor Penalty to Patrick Bordeleau for Hooking.
2:52 of 3rd period - Trevor Lewis wins face-off versus Tyler Seguin in BlackHawks zone.
3:33 of 3rd period - Shot by Tyler Seguin.
3:33 of 3rd period - Shot Misses the Net.
3:35 of 3rd period - Shot by Milan Lucic.
3:35 of 3rd period - Shot Misses the Net.
3:37 of 3rd period - Shot by Jason Spezza.
3:37 of 3rd period - Deflect By Tyler Seguin.
3:37 of 3rd period - Stopped by Eddie Lack without a rebound.
3:38 of 3rd period - Brandon Bollig wins face-off versus Brandon Dubinsky in BlackHawks zone.
3:47 of 3rd period - Shot by Zdeno Chara.
3:47 of 3rd period - Shot Blocked by Luke Schenn.
3:49 of 3rd period - Shot by Evander Kane.
3:49 of 3rd period - Shot Blocked by Luke Schenn.
3:55 of 3rd period - Shot by Zdeno Chara.
3:55 of 3rd period - Goal by Zdeno Chara - BlackHawks : 4 - Stars : 3.
3:56 of 3rd period - Nathan Horton wins face-off versus Jarret Stoll in neutral zone.
4:05 of 3rd period - Icing by Brenden Dillon.
4:06 of 3rd period - Jarret Stoll wins face-off versus Lars Eller in Stars zone.
4:06 of 3rd period - Jarret Stoll is hit by Lars Eller.
4:12 of 3rd period - Andy Greene is hit by Brian McGrattan and loses puck.
5:20 of 3rd period - Brandon Dubinsky is hit by Dion Phaneuf and loses puck.
5:30 of 3rd period - Jason Spezza is hit by Dion Phaneuf and loses puck.
5:34 of 3rd period - Minor Penalty to Dion Phaneuf for Hooking.
5:35 of 3rd period - Zack Smith wins face-off versus Tyler Seguin in BlackHawks zone.
5:49 of 3rd period - Shot by Duncan Keith.
5:49 of 3rd period - Shot Misses the Net.
6:55 of 3rd period - Shot by Andy Greene.
6:55 of 3rd period - Shot Blocked by Douglas Murray.
6:57 of 3rd period - Shot by Andy Greene.
6:57 of 3rd period - Shot Misses the Net.
6:59 of 3rd period - Shot by Andy Greene.
6:59 of 3rd period - Shot Misses the Net.
7:01 of 3rd period - Shot by Zdeno Chara.
7:01 of 3rd period - Stopped by Eddie Lack with a rebound.
7:03 of 3rd period - Shot by Jarome Iginla.
7:03 of 3rd period - Stopped by Eddie Lack without a rebound.
7:04 of 3rd period - Jason Spezza wins face-off versus Zack Smith in BlackHawks zone.
7:33 of 3rd period - Shot by Tyler Seguin.
7:33 of 3rd period - Stopped by Eddie Lack without a rebound.
7:34 of 3rd period - Nathan Horton wins face-off versus Jarret Stoll in BlackHawks zone.
8:11 of 3rd period - Shot by Nathan Horton.
8:11 of 3rd period - Stopped by Braden Holtby without a rebound.
8:12 of 3rd period - Zack Smith wins face-off versus Tyler Seguin in Stars zone.
8:12 of 3rd period - Jarred Tinordi is hit by Travis Hamonic and loses puck.
8:26 of 3rd period - Off-side.
8:27 of 3rd period - Lars Eller wins face-off versus Jarret Stoll in neutral zone.
8:27 of 3rd period - Alexei Emelin is hit by Jarret Stoll and loses puck.
8:37 of 3rd period - Shea Weber is hit by Kevin Bieksa and loses puck.
8:52 of 3rd period - Wayne Simmonds is hit by Brian McGrattan and loses puck.
9:25 of 3rd period - Shot by Evander Kane.
9:25 of 3rd period - Stopped by Eddie Lack without a rebound.
9:26 of 3rd period - Zack Smith wins face-off versus Jason Spezza in BlackHawks zone.
9:26 of 3rd period - Zack Smith is hit by Brandon Dubinsky.
9:39 of 3rd period - Minor Penalty to Dion Phaneuf for Holding.
9:40 of 3rd period - Jason Spezza wins face-off versus Zack Smith in BlackHawks zone.
9:43 of 3rd period - Shot by Milan Lucic.
9:43 of 3rd period - Shot Blocked by Jarred Tinordi.
9:45 of 3rd period - Shot by Andy Greene.
9:45 of 3rd period - Goal by Andy Greene - BlackHawks : 4 - Stars : 4.
9:46 of 3rd period - Nathan Horton wins face-off versus Jarome Iginla in neutral zone.
9:49 of 3rd period - Milan Lucic is hit by Nathan Horton and loses puck.
10:09 of 3rd period - Shot by Jarome Iginla.
10:09 of 3rd period - Shot Misses the Net.
10:11 of 3rd period - Shot by Milan Lucic.
10:11 of 3rd period - Deflect By Jarome Iginla.
10:11 of 3rd period - Stopped by Eddie Lack without a rebound.
10:12 of 3rd period - Zack Smith wins face-off versus Jason Spezza in BlackHawks zone.
10:12 of 3rd period - David Clarkson is hit by Brandon Dubinsky.
10:36 of 3rd period - Shot by Jason Spezza.
10:36 of 3rd period - Shot Misses the Net.
10:38 of 3rd period - Shot by Shea Weber.
10:38 of 3rd period - Shot Misses the Net.
10:52 of 3rd period - Shot by Evander Kane.
10:52 of 3rd period - Shot Blocked by Luke Schenn.
11:18 of 3rd period - Dion Phaneuf is hit by Milan Lucic and loses puck.
12:08 of 3rd period - Icing by Brenden Dillon.
12:09 of 3rd period - Jarret Stoll wins face-off versus Nathan Horton in Stars zone.
12:14 of 3rd period - Kevin Bieksa is hit by Jarret Stoll and loses puck.
12:24 of 3rd period - Icing by Andy Greene.
12:25 of 3rd period - Jarret Stoll wins face-off versus Lars Eller in Stars zone.
12:25 of 3rd period - Jarret Stoll is hit by Brian McGrattan.
12:35 of 3rd period - Shot by Lars Eller.
12:35 of 3rd period - Stopped by Braden Holtby without a rebound.
12:36 of 3rd period - Jason Spezza wins face-off versus Nathan Horton in Stars zone.
12:36 of 3rd period - Jason Spezza is hit by Patrick Bordeleau.
13:07 of 3rd period - Major / Game Misconduct Penalty to Shea Weber for Abuse of Officials.
13:07 of 3rd period - Shea Weber is ejected from game.
13:08 of 3rd period - Lars Eller wins face-off versus Jarret Stoll in Stars zone.
13:13 of 3rd period - Shot by Lars Eller.
13:13 of 3rd period - Stopped by Braden Holtby without a rebound.
13:14 of 3rd period - Brandon Dubinsky wins face-off versus Lars Eller in Stars zone.
13:41 of 3rd period - Shot by Dion Phaneuf.
13:41 of 3rd period - Stopped by Braden Holtby without a rebound.
13:42 of 3rd period - Jarret Stoll wins face-off versus Alex Galchenyuk in Stars zone.
13:42 of 3rd period - Jarret Stoll is hit by Chris Stewart.
13:52 of 3rd period - Shot by Luke Schenn.
13:52 of 3rd period - Stopped by Braden Holtby with a rebound.
14:00 of 3rd period - Shot by Alexei Emelin.
14:00 of 3rd period - Shot Misses the Net.
14:02 of 3rd period - Shot by Nathan Horton.
14:02 of 3rd period - Stopped by Braden Holtby without a rebound.
14:03 of 3rd period - Lars Eller wins face-off versus Brandon Dubinsky in Stars zone.
14:40 of 3rd period - Duncan Keith is hit by David Clarkson.
15:12 of 3rd period - Shot by Brandon Dubinsky.
15:12 of 3rd period - Stopped by Eddie Lack without a rebound.
15:13 of 3rd period - Jarret Stoll wins face-off versus Alex Galchenyuk in BlackHawks zone.
15:34 of 3rd period - Shot by Jarome Iginla.
15:34 of 3rd period - Deflect By Jarret Stoll.
15:34 of 3rd period - Stopped by Eddie Lack without a rebound.
15:35 of 3rd period - Lars Eller wins face-off versus Brandon Dubinsky in BlackHawks zone.
16:30 of 3rd period - Shot by Alex Galchenyuk.
16:30 of 3rd period - Shot Misses the Net.
16:38 of 3rd period - Shot by Luke Schenn.
16:38 of 3rd period - Shot Misses the Net.
16:40 of 3rd period - Shot by Alexei Emelin.
16:40 of 3rd period - Stopped by Braden Holtby with a rebound.
16:42 of 3rd period - Shot by Luke Schenn.
16:42 of 3rd period - Stopped by Braden Holtby with a rebound.
18:11 of 3rd period - Milan Lucic is hit by Jared Boll and loses puck.
18:26 of 3rd period - Shot by Brandon Bollig.
18:26 of 3rd period - Deflect By Trevor Lewis.
18:26 of 3rd period - Stopped by Braden Holtby with a rebound.
19:00 of 3rd period - Minor Penalty to Kevin Bieksa for Hooking.
19:01 of 3rd period - Jason Spezza wins face-off versus Zack Smith in BlackHawks zone.
19:25 of 3rd period - Shot by Duncan Keith.
19:25 of 3rd period - Shot Misses the Net.
19:27 of 3rd period - Shot by Milan Lucic.
19:27 of 3rd period - Shot Hit the Post.
19:29 of 3rd period - Shot by Duncan Keith.
19:29 of 3rd period - Shot Misses the Net.
19:43 of 3rd period - Shot by Zack Smith.
19:43 of 3rd period - Shot Misses the Net.
19:49 of 3rd period - Shot by Wayne Simmonds.
19:49 of 3rd period - Goal by Wayne Simmonds - BlackHawks : 4 - Stars : 5.
19:50 of 3rd period - Jarret Stoll wins face-off versus Lars Eller in neutral zone.
Goals for this period are 0 for BlackHawks vs 3 for Stars.
Shots for this period are 9 for BlackHawks vs 11 for Stars.


Output by the SimonT Hockey Simulator (STHS) for Stephane Roy -- Original Page W3C XHTML 1.0 Valid
Hockey Simulator - Hockey Simulation - Hockey Manager